 Dungeon Crawl Stone Soup version 0.22-a0-525-gf69a080 (webtiles) character file.

48 iamserjio the Charmwright (level 3, 0/27 HPs)
             Began as a Vine Stalker Skald on June 21, 2018.
             Succumbed to an adder's poison
             ... on level 2 of the Dungeon.
             The game lasted 00:04:00 (499 turns).

iamserjio the Charmwright (Vine Stalker Skald)       Turns: 499, Time: 00:04:01

Health: 0/27       AC: 21    Str: 13    XL:     3   Next: 72%
Magic:  2/7        EV:  2    Int: 14    God:
Gold:   49         SH:  0    Dex: 13    Spells: 4/7 levels left

rFire    . . .     SeeInvis .     - Unarmed
rCold    . . .     Gourm    .   (no shield)
rNeg     + + +     Faith    .   (armour currently unavailable)
rPois    +         Spirit   +   (helmet currently unavailable)
rElec    .         Reflect  .   (cloak currently unavailable)
rCorr    .         Harm     .   (gloves currently unavailable)
MR       .....     NoTele   +   (boots currently unavailable)
Stlth    +.........             (no amulet)
HPRegen  0.09/turn              (no ring)
MPRegen  0.10/turn              (no ring)

@: lethally poisoned (0 -> -1), tree-form
A: magic shield, no potion heal 3, rot immunity
a: no special abilities


You were on level 2 of the Dungeon.
You were not hungry.
You were a tree.
You visited 1 branch of the dungeon, and saw 2 of its levels.

You collected 49 gold pieces.

Inventory:

Missiles
 e - 5 stones (quivered)
Armour
 a - a +0 leather armour
 f - a +0 chain mail (melded)
Scrolls
 b - 2 scrolls of identify {unknown}
 g - a scroll of amnesia {unknown}
Comestibles
 c - 4 rations


   Skills:
 + Level 2.2 Fighting
 - Level 0.7 Armour
 - Level 1.5 Dodging
 * Level 2.9 Unarmed Combat
 + Level 2.6 Spellcasting
 + Level 3.3 Charms


You had 4 spell levels left.
You knew the following spells:

 Your Spells              Type           Power        Failure   Level  Hunger
a - Infusion              Chrm           ##..         5%          1    #......
b - Song of Slaying       Chrm           ##......     9%          2    ###....

Your spell library contained the following spells:

 Spells                   Type           Power        Failure   Level  Hunger
 Regeneration             Chrm/Necr      #.........   32%         3    ###....
 Shroud of Golubria       Chrm/Tloc      #.........   17%         2    ###....
 Spectral Weapon          Hex/Chrm       #.......     32%         3    ###....


Dungeon Overview and Level Annotations

Branches:
Dungeon (2/15)

Altars:


Innate Abilities, Weirdness & Mutations

((You have extremely sharp teeth.))
When hurt, damage is shared between your health and your magic reserves.
((Your bite disrupts and absorbs the magic of your enemies.))
Potions cannot restore your health.
You are immune to rotting.


Message History

The adder bites you but does no damage.
You closely miss the adder.
The adder is lightly wounded.
* * * LOW HITPOINT WARNING * * *
You feel sick. The bat hits you.
* * * LOW HITPOINT WARNING * * *
The adder completely misses you.
You smack the adder!
You kill the adder!
The bat hits you but does no damage.
You smack the bat!
You kill the bat!
There is a lethal amount of poison in your body!
There is a lethal amount of poison in your body!
There is a lethal amount of poison in your body!
* * * LOW HITPOINT WARNING * * *
You feel sick.
* * * LOW HITPOINT WARNING * * *
You feel sick.
You die...

#. #.# #.. # # #.##.#
#.# .##. #.
#....####.##....
.##.#######...........##
........................
..#...#...##.##...##.###
...........#.##....#.#
............†##.##.#.#
.......♣........##.†.#
#.....†......######..##
...........#.# #...#
..#............####.#.#
. #.....####.....()...##
###...# #.#...##)...#
#..#.. .###.##..#>.
#..##. #..#..##. #.
##.##...#


There were no monsters in sight!

Vanquished Creatures
  2 adders (D:2)
  A worm (D:2)
  A dart slug (D:2)
  2 leopard geckos
  A giant cockroach (D:2)
  2 hobgoblins
  5 bats
  2 frilled lizards
  4 goblins
  4 kobolds
  A rat (D:2)
25 creatures vanquished.

Notes
Turn   | Place    | Note
-------+----------+-------------------------------------------
     0 | D:1      | iamserjio the Vine Stalker Skald began the quest for the Orb.
     0 | D:1      | Reached XP level 1. HP: 11/11 MP: 4/4
   286 | D:1      | Reached XP level 2. HP: 4/15 MP: 6/6
   419 | D:2      | Reached XP level 3. HP: 13/18 MP: 7/7
   423 | D:2      | Learned a level 2 spell: Song of Slaying
   495 | D:2      | HP: 1/27 [poisoned by an adder]
   499 | D:2      | Succumbed to an adder's poison

Vault maps used:
D:1:      nzn_arrival_settlement, minivault_5
D:2:      nicolae_gozag_cash_rules_everything_around_me

Skill      XL: |  1  2 |
---------------+-------+-----
Fighting       | 2 |  2.2
Armour         | |  0.7
Dodging        | |  1.5
Unarmed Combat | |  2.9
Spellcasting   | |  2.6
Charms         | |  3.3

Action                   || total
-------------------------++-------
Melee: Unarmed           ||    91
       Bite              ||    16
       Punch             ||     1
  Use: Potion            ||     1
Armor: Chain mail        ||    65
       Leather armour    ||     7
       Skin              ||     3
Dodge: Dodged            ||    40

Table legend:
 A = Spawn XP
 B = Non-spawn XP
 C = Spawn XP percentage of total XP
 D = Spawn monster count
 E = Non-spawn monster count
 F = Spawn count percentage of total count
 G = Total turns spent on level
                    A         B        C        D         E        F      G
               +---------+---------+-------+---------+---------+-------+---------
         Total |       0 |      69 |   0.0 |       0 |      25 |   0.0 |   499
               +---------+---------+-------+---------+---------+-------+---------
           D:1 |       0 |      16 |   0.0 |       0 |      11 |   0.0 |   371
           D:2 |       0 |      53 |   0.0 |       0 |      14 |   0.0 |   128
               +---------+---------+-------+---------+---------+-------+---------
